 Dungeon Crawl Stone Soup version 0.23.0 (webtiles) character file.

Game seed: 8288514765917564524

121 pmoppi the Shield-Bearer (level 4, 0/41 HPs)
             Began as a Minotaur Fighter on Feb 14, 2019.
             Slain by an orc
             ... wielding a +0 war axe
              (2 damage)
             ... on level 3 of the Dungeon.
             The game lasted 00:03:57 (1814 turns).

pmoppi the Shield-Bearer (Minotaur Fighter)         Turns: 1814, Time: 00:03:58

Health: 0/41       AC:  7    Str: 20    XL:     4   Next: 76%
Magic:  3/3        EV:  7    Int:  6    God:
Gold:   121        SH:  9    Dex: 10    Spells: 3/3 levels left

rFire    . . .     SeeInvis .   a - +0 long sword
rCold    . . .     Gourm    .   c - +0 shield
rNeg     . . .     Faith    .   b - +0 scale mail
rPois    .         Spirit   .   (helmet restricted)
rElec    .         Reflect  .   (no cloak)
rCorr    .         Harm     .   (no gloves)
MR       .....                  (no boots)
Stlth    ..........             (no amulet)
HPRegen  0.13/turn              (no ring)
MPRegen  0.08/turn              (no ring)

@: no status effects
A: retaliatory headbutt, horns 2
a: no special abilities


You were on level 3 of the Dungeon.
You were not hungry.

You visited 1 branch of the dungeon, and saw 3 of its levels.

You collected 121 gold pieces.

Inventory:

Hand Weapons
 a - a +0 long sword (weapon)
Armour
 b - a +0 scale mail (worn)
 c - a +0 shield (worn)
Jewellery
 l - an uncursed amulet of faith {unknown}
Scrolls
 e - a scroll of teleportation {unknown}
 g - 2 scrolls of remove curse {unknown}
 h - a scroll of fog {unknown}
 j - a scroll of enchant weapon {unknown}
 n - a scroll of amnesia {unknown}
 o - a scroll of enchant armour {unknown}
Potions
 d - 2 potions of might
 k - a potion of brilliance {unknown}
 m - a potion of heal wounds {unknown}
 p - a potion of haste {unknown}
 q - a potion of lignification {unknown}
 r - a potion of flight {unknown}
Comestibles
 f - 9 rations
 i - 10 chunks of flesh


   Skills:
 + Level 4.4 Fighting
 * Level 4.2 Long Blades
 + Level 4.4 Armour
 + Level 4.4 Shields


You had 3 spell levels left.
You didn't know any spells.
Your spell library was empty.

Dungeon Overview and Level Annotations

Branches:
Dungeon (3/15)

Altars:
Uskayaw


Innate Abilities, Weirdness & Mutations

You reflexively headbutt those who attack you in melee.
You have a pair of horns on your head.


Message History

The orc priest is almost dead.
The orc closely misses you.
The orc wizard hits you but does no damage.
The orc priest casts a cantrip, but nothing happens.
The orc hits you with a +0 war axe.
* * * LOW HITPOINT WARNING * * *
You closely miss the orc priest.
The orc priest is almost dead.
The orc wizard hits you with a +0 dagger.
* * * LOW HITPOINT WARNING * * *
The orc priest calls upon Beogh to heal the orc.
The orc's wounds heal themselves!
The orc misses you. You furiously retaliate!
You headbutt the orc.
You riposte.
You closely miss the orc. Your headbutt misses the orc.
The orc is almost dead.
You hit the orc priest.
You kill the orc priest!
The orc wizard hits you but does no damage.
The orc hits you with a +0 war axe.
You die...

#..........)...
#.############# #.# #
#.# #
#######.#############
.....................
#######.#############
##########'####..
......
#.....o@........#
######
#.....[o........#
#.................
#..............###
#..............#
#.............%#
#..............#
#..............#


You could see an orc wizard and an orc.

Vanquished Creatures
  An orc priest (D:3)
  An adder (D:2)
  2 oozes (D:1)
  3 worms (D:2)
  3 dart slugs (D:2)
  A leopard gecko (D:2)
  An orc (D:3)
  4 bats
  3 giant cockroaches (D:1)
  10 hobgoblins
  3 jackals
  7 kobolds
  2 quokkas (D:2)
  2 frilled lizards
  4 goblins
  7 rats
  A plant (D:1)
55 creatures vanquished.

Notes
Turn   | Place    | Note
-------+----------+-------------------------------------------
     0 | D:1      | pmoppi the Minotaur Fighter began the quest for the Orb.
     0 | D:1      | Reached XP level 1. HP: 19/19 MP: 0/0
   141 | D:1      | Reached XP level 2. HP: 22/27 MP: 1/1
   338 | D:1      | Reached XP level 3. HP: 33/33 MP: 2/2
  1050 | D:2      | Found a hide-covered altar of Uskayaw.
  1318 | D:2      | Reached XP level 4. HP: 40/40 MP: 3/3
  1812 | D:3      | HP: 2/40 [orc/+0 war axe (3)]
  1814 | D:3      | Slain by an orc

Skill      XL: |  1  2  3  4 |
---------------+-------------+-----
Long Blades    | 3 4 |  4.2
Armour         | 4 |  4.4
Shields        | 4 |  4.4
Fighting       | 4 |  4.4

Action                   |  1- 3 |  4- 6 || total
-------------------------+-------+-------++-------
Melee: Long sword        |   110 |    47 ||   157
       Headbutt          |    22 |     5 ||    27
  Eat: Chunk             |     1 |     2 ||     3
Armor: Scale mail        |    26 |    20 ||    46
Dodge: Dodged            |    33 |    15 ||    48
Block: Shield            |    44 |    27 ||    71
       Rpst.: Long sword |     7 |     5 ||    12
